 Dungeon Crawl Stone Soup version 0.28.0-53-g5a82cb258f (webtiles) character file.

Game seed: 11708009097061260277

2644 infcreate the Covert (level 9, -10/45 HPs)
             Began as a Vampire Enchanter on Aug 1, 2022.
             Was a Follower of Dithmenos.
             Mangled by a profane servitor
             ... wielding a +1 demon whip of electrocution
              (14 damage)
             ... on level 1 of the Abyss.
             The game lasted 00:25:00 (10940 turns).

infcreate the Covert (Vampire Enchanter)           Turns: 10940, Time: 00:25:00

Health: -10/45     AC:  8    Str:  7    XL:     9   Next: 35%
Magic:  17/17      EV: 16    Int: 23    God:    Dithmenos [*.....]
Gold:   548        SH:  0    Dex: 19    Spells: 8/19 levels left

rFire   . . .      SeeInvis +   n - +3 dagger (elec)
rCold   + + .      Faith    .   (no shield)
rNeg    + + +      Spirit   .   y - +0 steam dragon scales
rPois   ∞          Reflect  .   j - +0 helmet
rElec   .          Harm     .   (no cloak)
rCorr   +          Rampage  .   (no gloves)
Will    .....                   w - +1 pair of boots
Stlth   ++++++++..              b - amulet of magic regeneration
HPRegen 0.00/turn               R - ring of resist corrosion
MPRegen 0.55/turn               I - +6 ring of intelligence

@: about to teleport, bloodless, inhibited regen, wreathed by umbra
A: bloodless, fangs 3, see invisible, vampiric 2
a: Bat Form, Revivify, Renounce Religion


You were on level 1 of the Abyss.
You worshipped Dithmenos.
Dithmenos was aware of your devotion.
You visited 1 branch of the dungeon, and saw 9 of its levels.
You visited the Abyss 1 time.

You collected 548 gold pieces.


Innate Abilities, Weirdness & Mutations

You do not regenerate when monsters are visible.
You are frail without blood (-20% HP).
You can heal yourself when you bite living creatures.
You are immune to poison.
You have razor-sharp teeth.
You have supernaturally acute eyesight. (SInv)
You are afflicted with vampirism and can become a bat while bloodless.


   Skills:
 + Level 6.2 Short Blades
 + Level 6.6 Dodging
 + Level 10.0 Stealth
 + Level 5.5 Spellcasting
 + Level 9.2 Hexes


You had 8 spell levels left.
You knew the following spells:

 Your Spells              Type           Power      Damage    Failure   Level
c - Confusing Touch       Hex            49%        N/A       1%          3
d - Tukima's Dance        Hex            49%        N/A       1%          3
e - Ensorcelled Hibernat  Hex/Ice        54%        N/A       1%          2
f - Dazzling Flash        Conj/Hex       54%        N/A       4%          3

Your spell library contained the following spells:

 Spells                   Type           Power      Damage    Failure   Level
 Sandblast                Erth           12%        2d6       9%          1
 Corpse Rot               Necr/Air       12%        N/A       14%         2
 Passwall                 Tmut/Erth      5%         N/A       14%         2
 Poisonous Vapours        Pois/Air       12%        N/A       14%         2
 Static Discharge         Conj/Air       6%         N/A       14%         2
 Conjure Flame            Conj/Fire      6%         6-21      26%         3
 Stone Arrow              Conj/Erth      12%        3d7       26%         3
 Dispel Undead            Necr           6%         3d8       65%         4
 Flame Wave               Conj/Fire      6%         2d5       65%         4
 Sticky Flame             Conj/Fire      6%         2d3       65%         4
 Fire Storm               Conj/Fire      3%         8d1       100%        9

Inventory:

Hand Weapons
 n - a +3 dagger of electrocution (weapon)
Missiles
 i - a throwing net (quivered) {=f}
Armour
 j - a +0 helmet (worn)
 w - a +1 pair of boots (worn)
 y - +0 steam dragon scales (worn)
Jewellery
 b - an amulet of magic regeneration (around neck)
 C - a ring of ice
 I - a +6 ring of intelligence (right hand)
 R - a ring of resist corrosion (left hand)
Wands
 z - a wand of acid (15)
Scrolls
 a - 2 scrolls of fog {unknown}
 d - a scroll of torment
 e - 2 scrolls of blinking
 f - 2 scrolls of immolation
 g - 2 scrolls of vulnerability
 k - 2 scrolls of fear
 t - 2 scrolls of acquirement {unknown}
 u - a scroll of amnesia {unknown}
 x - a scroll of silence {unknown}
 D - a scroll of magic mapping {unknown}
 E - a scroll of brand weapon {unknown}
Potions
 c - a potion of invisibility
 h - 2 potions of cancellation
 m - a potion of mutation {unknown}
 o - 3 potions of flight
 p - 2 potions of lignification {unknown}
 q - a potion of degeneration {unknown}
 r - 2 potions of resistance {unknown}
 s - 3 potions of curing {@q1}
 v - a potion of brilliance {unknown}
 B - a potion of heal wounds {unknown}
Miscellaneous
 A - a lightning rod (4/4)

Dungeon Overview and Level Annotations

Branches:
Dungeon (9/15)             Temple (0/1) D:7            Lair (0/6) D:8
    Orc: D:9-12

Altars:
Dithmenos
Qazlal
Ru
Sif Muna
Xom
Zin

Annotations:
D:2 1 runed translucent door, Crazy Yiuf
D:5 3 runed translucent doors, Ashen's ghost, novice DsIE
D:8 Psyche

#.### ▒ .## .
# ##.▒.▒ ▒▒.
. ▒# ▒ .A....
.▒.. ..░. ▒
▓▓▓.▒▓▒...#.
..
#▓...▒.....#
.▒
#▓..▒...▒.░#
.
#...▒......##
#. #
#A▒▒.▒..... d
. # ###
#@.▓..
▒.▒▒.... #
....
.####▒...▒▒
.. . .
.....A...
.##▒ .░.. .▒▒
##.###
###▒§░▒.░ ░
.... ▒ ▓▒▒ .
▒. ░. ░ . ▒#.
▒


You could see a profane servitor.


Message History

That felt strangely unrewarding.
The yellow draconian roars!
The yellow draconian spits acid at you. The glob of acid misses you.
You start resting.
HP restored.
A profane servitor comes into view.
It is wielding a +1 demon whip of electrocution.
Unknown command.
Okay, then.
As you read the scroll of teleportation {@r2}, it crumbles to dust.
You feel strangely unstable.
You feel the power of the Abyss delaying your translocation!
The profane servitor hits you with a +1 demon whip of electrocution!
You are electrocuted!
* * * LOW HITPOINT WARNING * * *
The profane servitor closely misses you.
Okay, then.
Press: ? - help, v - describe, . - travel
Here: a profane servitor, wielding a +1 demon whip of electrocution (umbra)
The floor.
Unknown command.
The profane servitor hits you with a +1 demon whip of electrocution.
* * * LOW HITPOINT WARNING * * *
The profane servitor hits you with a +1 demon whip of electrocution.
* * * LOW HITPOINT WARNING * * *
The profane servitor barely misses you.
The profane servitor hits you with a +1 demon whip of electrocution!
* * * LOW HITPOINT WARNING * * *
You are electrocuted!
You die...

Skill      XL: |  1  2  3  4  5  6  7  8  9 |
---------------+----------------------------+-----
Stealth        | 5 6 7 9 10 | 10.0
Hexes          | 5 6 7 8 9 |  9.2
Short Blades   | 2 3 4 5 6 |  6.2
Dodging        | 3 4 5 6 |  6.6
Spellcasting   | 3 4 5 |  5.5

Action                   |  1- 3 |  4- 6 |  7- 9 || total
-------------------------+-------+-------+-------++-------
Melee: Dagger            |    64 |   145 |   144 ||   353
       Bite              |     5 |    14 |    10 ||    29
       Punch             |     1 |     2 |     2 ||     5
 Cast: Ensorcelled Hiber |    37 |    59 |    30 ||   126
       Confusing Touch   |     1 |    15 |    24 ||    40
       Tukima's Dance    |       |     4 |    12 ||    16
 Abil: Exsanguinate      |     1 |       |       ||     1
  Use: Scroll            |     3 |     5 |     5 ||    13
 Stab: Sleeping          |    31 |    35 |    33 ||    99
       Confused          |       |     8 |    14 ||    22
Armor: Robe              |     4 |    20 |     4 ||    28
       Steam dragon scal |       |       |     6 ||     6
Dodge: Dodged            |    26 |    81 |    68 ||   175

Levels and vault maps discovered:
D:1:      dpeg_arrival_brainrot, layout_basic, minmay_misc_feat_enclosed,
          minmay_misc_feat_alley, minmay_hexomino_c4
D:2:      kennysheep_the_goblin_king, layout_basic,
          dilly_ecumenical_altar_fadedgnrine, small_statue_intersection,
          uniq_jessica, uniq_crazy_yiuf_cottage, uniq_robin
D:3:      layout_rooms, uniq_sigmund
D:4:      layout_rooms, mainiacjoe_overflow_alcove_4,
          nicolae_overflow_hidden_temple
D:5:      layout_loops_ring, gammafunk_ghost_icy, chequers_mini_garden
D:6:      layout_cave_pods
D:7:      layout_loops_cross, nicolae_dithmenos_shadow_blocks, temple_doors_cd
D:8:      layout_loops_ring, nicolae_sif_muna_condensation,
          mainiacjoe_overflow_surrounded_room, lair_entry_dummy,
          kennysheep_doodads, nicolae_two_hexagons, uniq_psyche
D:9:      layout_irregular_city, kennysheep_mini_moat
Abyss:1:  base:
D:9

Notes
Turn   | Place    | Note
-------+----------+-------------------------------------------
     0 | D:1      | infcreate the Vampire Enchanter began the quest for the
                  | Orb.
     0 | D:1      | Reached XP level 1. HP: 13/13 MP: 3/3
   240 | D:1      | Reached XP level 2. HP: 9/15 MP: 5/5
   243 | D:1      | Learned a level 2 spell: Ensorcelled Hibernation
  1077 | D:1      | Gained mutation: You are afflicted with vampirism and can
                  | become a bat while bloodless. [Vampire growth]
  1077 | D:1      | Reached XP level 3. HP: 17/19 MP: 1/6
  1081 | D:1      | Learned a level 3 spell: Confusing Touch
  1632 | D:2      | Reached skill level 5 in Stealth
  1670 | D:2      | Noticed Ijyb
  1895 | D:2      | Reached skill level 5 in Hexes
  2129 | D:2      | Killed Ijyb
  2130 | D:2      | Reached skill level 2 in Short Blades
  2130 | D:2      | Reached skill level 3 in Dodging
  2130 | D:2      | Reached XP level 4. HP: 23/24 MP: 4/7
  2135 | D:2      | Learned a level 3 spell: Tukima's Dance
  2322 | D:2      | Noticed Robin
  2788 | D:2      | Killed Robin
  3070 | D:2      | Found a runed translucent door.
  3071 | D:2      | Noticed Crazy Yiuf
  3108 | D:2      | Noticed Jessica
  3127 | D:2      | Killed Jessica
  3128 | D:2      | Reached XP level 5. HP: 24/28 MP: 0/9
  3352 | D:2      | Identified the +0 chain mail of Vamufam {rElec Int+4 SInv
                  | Stlth-}
  3357 | D:2      | Found a faded altar of an unknown god.
  3619 | D:3      | Noticed Sigmund
  3898 | D:3      | Killed Sigmund
  3899 | D:3      | Reached skill level 3 in Short Blades
  3899 | D:3      | Reached skill level 6 in Stealth
  3899 | D:3      | Reached skill level 3 in Spellcasting
  3899 | D:3      | Reached XP level 6. HP: 30/32 MP: 5/10
  3903 | D:3      | Learned a level 3 spell: Dazzling Flash
  4355 | D:3      | Reached skill level 6 in Hexes
  4824 | D:4      | Found a shimmering altar of Xom.
  5142 | D:4      | Reached skill level 4 in Dodging
  5368 | D:4      | Reached XP level 7. HP: 35/36 MP: 8/12
  6098 | D:4      | Found a stormy altar of Qazlal.
  6098 | D:4      | Found a sacrificial altar of Ru.
  6138 | D:4      | Reached skill level 7 in Stealth
  6202 | D:5      | Entered Level 5 of the Dungeon
  6214 | D:4      | HP: 3/36 [phantom (3)]
  6510 | D:4      | Reached skill level 4 in Short Blades
  6700 | D:5      | Reached skill level 7 in Hexes
  6738 | D:5      | Reached skill level 4 in Spellcasting
  6895 | D:5      | Reached skill level 5 in Dodging
  6956 | D:5      | Reached XP level 8. HP: 41/41 MP: 14/14
  6969 | D:5      | Found a runed translucent gate.
  6970 | D:5      | Found a runed translucent gate.
  6971 | D:5      | Found a runed translucent gate.
  7004 | D:5      | Noticed Ashen's ghost (novice DsIE)
  7152 | D:5      | Reached skill level 8 in Stealth
  8106 | D:6      | Reached skill level 5 in Short Blades
  8343 | D:7      | Reached skill level 8 in Hexes
  8470 | D:7      | Found a shadowy altar of Dithmenos.
  8496 | D:7      | Became a worshipper of Dithmenos the Shadowed
  8572 | D:7      | Reached skill level 9 in Stealth
  8870 | D:7      | Reached skill level 5 in Spellcasting
  8877 | D:7      | Found a staircase to the Ecumenical Temple.
  8887 | D:7      | Reached skill level 6 in Dodging
  9144 | D:7      | Reached XP level 9. HP: 45/45 MP: 14/16
  9750 | D:8      | You fall into a shaft and drop 1 floor!
  9761 | D:9      | Noticed a troll
  9836 | D:9      | Reached skill level 6 in Short Blades
  9836 | D:9      | Reached skill level 9 in Hexes
 10135 | D:8      | Found a staircase to the Lair.
 10184 | D:8      | Found a shimmering blue altar of Sif Muna.
 10331 | D:8      | Reached skill level 10 in Stealth
 10414 | D:8      | Reached * piety under Dithmenos
 10549 | D:8      | Noticed Psyche
 10623 | D:8      | Got the Papyrus of the Arsonist
 10705 | D:8      | You are cast into the Abyss!
 10705 | D:8      | Cast into level 1 of the Abyss (Psyche)
 10806 | Abyss:1  | Noticed an ancient zyme
 10853 | Abyss:1  | Noticed a thrashing horror
 10866 | Abyss:1  | Noticed a yellow draconian
 10921 | Abyss:1  | Noticed a profane servitor
 10940 | Abyss:1  | HP: 4/45 [profane servitor/+1 demon whip of electrocution
                  | (8)]
 10940 | Abyss:1  | Mangled by a profane servitor

Vanquished Creatures
  A hornet (D:9)
  Sigmund (D:3)
  A small abomination (Abyss:1)
  2 steam dragons
  A water moccasin (D:5)
  A black bear (D:4)
  2 necrophages
  2 centaurs
  A kobold brigand (D:7)
  2 phantoms
  2 bullfrogs
  A scorpion (D:5)
  A water moccasin zombie (D:6)
  A wyvern skeleton (D:7)
  5 killer bees (D:7)
  A howler monkey (D:9)
  4 wights (D:8)
  2 jellies
  A centaur skeleton (D:4)
  A hound (D:6)
  A bullfrog skeleton (D:5)
  A centaur zombie (D:7)
  An orc priest (D:4)
  Jessica (D:2)
  Ijyb (D:2)
  A scorpion zombie (D:5)
  2 orc wizards (D:8)
  A hound zombie (D:5)
  A howler monkey zombie (D:5)
  Robin (D:2)
  6 adders
  A howler monkey skeleton (D:4)
  A white imp (D:5)
  An adder skeleton (D:4)
  A worm (D:1)
  3 dart slugs
  14 orcs
  4 ball pythons
  5 endoplasms
  2 giant cockroaches
  10 hobgoblins
  4 jackals
  7 quokkas
  4 bats
  2 frilled lizards (D:1)
  22 goblins
  19 kobolds
  A rat (D:1)
151 creatures vanquished.

Vanquished Creatures (collateral kills)
  4 orcs
4 creatures vanquished.

Vanquished Creatures (others)
  A dancing weapon (D:8)
  A fungus (D:2)
  8 plants (D:2)
10 creatures vanquished.

Grand Total: 165 creatures vanquished

Table legend: (Time is in decaauts)
 A = Elapsed time spent in this place.
 B = Non-inter-level travel time spent in this place.
 C = Inter-level travel time spent in this place.
 D = Time resting spent in this place.
 E = Time spent auto-exploring this place.
 F = Levels seen in this place.
 G = Mean time per level.
                   A        B        C        D        E       F      G
               +--------+--------+--------+--------+--------+-----+--------+
         Total |  10893 |  10295 |    598 |   2124 |   6040 |  10 | 1089.3 |
       Dungeon |  10660 |  10062 |    598 |   2095 |   6036 |   9 | 1184.4 |
         Abyss |    233 |    233 |      0 |     29 |      4 |   1 |  233.0 |
               +--------+--------+--------+--------+--------+-----+--------+

Top non-repeatable levels by time:
     D:2: 1867 daAuts
     D:1: 1784 daAuts
     D:4: 1545 daAuts
     D:3: 1475 daAuts
     D:7: 1129 daAuts
     D:8: 986 daAuts
     D:6: 873 daAuts
     D:5: 768 daAuts
 Abyss:1: 233 daAuts
     D:9: 229 daAuts

Table legend:
 A = Non-vault XP
 B = Vault XP
 C = Vault XP percentage of total XP
 D = Non-vault monster count
 E = Vault monster count
 F = Vault count percentage of total count
                 A         B        C        D         E       F
            +---------+---------+-------+---------+---------+-------
      Total |    3414 |     364 |   9.6 |     125 |      30 |  19.4
            +---------+---------+-------+---------+---------+-------
        D:1 |      31 |      26 |  45.6 |      19 |      14 |  42.4
        D:2 |      35 |     111 |  76.0 |      11 |      15 |  57.7
        D:3 |      59 |     227 |  79.4 |      18 |       1 |   5.3
        D:4 |     631 |       0 |   0.0 |      24 |       0 |   0.0
        D:5 |     475 |       0 |   0.0 |      13 |       0 |   0.0
        D:6 |     413 |       0 |   0.0 |       6 |       0 |   0.0
        D:7 |     842 |       0 |   0.0 |      15 |       0 |   0.0
        D:8 |     589 |       0 |   0.0 |      16 |       0 |   0.0
        D:9 |     339 |       0 |   0.0 |       2 |       0 |   0.0
    Abyss:1 |       0 |       0 |   N/A |       1 |       0 |   0.0
            +---------+---------+-------+---------+---------+-------
